| TOP OF THE 1ST |
|
Hudson Valley Renegades batting - Pitching for Staten Island Yankees : RHP Ben Cunningham
|
|
Pitching: RHP Ben Cunningham
|
|
|
Batting: LHB Dan Hunt
|
0-0: Ball 1-0: Swinging Strike 1-1: Ground out 3-1 (Groundball, 34, EV 84.4 MPH)
|
|
Batting: SHB Josif Popovski
|
0-0: Ball 1-0: Fly out, F4 (Line Drive, 4, EV 74.4 MPH)
|
|
Batting: LHB Jonathan Spino
|
0-0: Foul Ball, location: 2F 0-1: Called Strike 0-2: Ball 1-2: Strikes out swinging
|
| Top of the 1st over - 0 runs, 0 hits, 0 errors, 0 left on base; Hudson Valley 0 - Staten Island 0 |
| BOTTOM OF THE 1ST |
|
Staten Island Yankees batting - Pitching for Hudson Valley Renegades : RHP Chris Harman
|
|
Pitching: RHP Chris Harman
|
|
|
Batting: RHB Norimoto Miyanishi
|
0-0: Ground out 5-3 (Groundball, 56, EV 96.9 MPH)
|
|
Batting: RHB Edite Leoni
|
0-0: Ground out 6-3 (Groundball, 6S, EV 65.6 MPH)
|
|
Batting: RHB Pat Pemberton
|
0-0: Foul Ball, location: 2F 0-1: Ball 1-1: Ball 2-1: Ground out 1-3 (Groundball, 15S, EV 68.8 MPH)
|
| Bottom of the 1st over - 0 runs, 0 hits, 0 errors, 0 left on base; Hudson Valley 0 - Staten Island 0 |
| TOP OF THE 2ND |
|
Hudson Valley Renegades batting - Pitching for Staten Island Yankees : RHP Ben Cunningham
|
|
Batting: LHB Rocky Crowley
|
0-0: Ground out 4-3 (Groundball, 4, EV 89.4 MPH)
|
|
Batting: RHB Jon Gonzales
|
0-0: Ball 1-0: Foul Ball, location: 2F 1-1: Swinging Strike 1-2: Strikes out swinging
|
|
Batting: LHB Helmut Steggall
|
0-0: Foul Ball, location: 2F 0-1: Ball 1-1: Foul Ball, location: 2F 1-2: Foul Ball, location: 2F 1-2: Ball 2-2: Ground out 3-1 (Groundball, 34S, EV 92.5 MPH)
|
| Top of the 2nd over - 0 runs, 0 hits, 0 errors, 0 left on base; Hudson Valley 0 - Staten Island 0 |
| BOTTOM OF THE 2ND |
|
Staten Island Yankees batting - Pitching for Hudson Valley Renegades : RHP Chris Harman
|
|
Batting: SHB Tadaaki Kondo
|
0-0: Ball 1-0: Foul Ball, location: 2F 1-1: Ball 2-1: Ball 3-1: Called Strike 3-2: Strikes out looking
|
|
Batting: LHB Mike Schermerhorn
|
0-0: Swinging Strike 0-1: Ground out 6-3 (Groundball, 6, EV 77.5 MPH)
|
|
Batting: SHB Adam Slade
|
0-0: Swinging Strike 0-1: Swinging Strike 0-2: Ball 1-2: Foul Ball, location: 2F 1-2: Ball 2-2: Ball 3-2: Foul Ball, location: 2F 3-2: Ground out U3 (Groundball, 3, EV 101.9 MPH)
|
| Bottom of the 2nd over - 0 runs, 0 hits, 0 errors, 0 left on base; Hudson Valley 0 - Staten Island 0 |
| TOP OF THE 3RD |
|
Hudson Valley Renegades batting - Pitching for Staten Island Yankees : RHP Ben Cunningham
|
|
Batting: RHB Alex Koral
|
0-0: Ball 1-0: Ground out 6-3 (Groundball, 6, EV 101.9 MPH)
|
|
Batting: RHB Evan Chalarian
|
0-0: Swinging Strike 0-1: Swinging Strike 0-2: Strikes out swinging
|
|
Batting: RHB Jesus Carrillo
|
0-0: Swinging Strike 0-1: Foul Ball, location: 2F 0-2: Ball 1-2: Ball 2-2: Ball 3-2: Ground out 4-3 (Groundball, 34, EV 86.9 MPH)
|
| Top of the 3rd over - 0 runs, 0 hits, 0 errors, 0 left on base; Hudson Valley 0 - Staten Island 0 |
| BOTTOM OF THE 3RD |
|
Staten Island Yankees batting - Pitching for Hudson Valley Renegades : RHP Chris Harman
|
|
Batting: RHB Jesus Ruiz
|
0-0: Ball 1-0: Ball 2-0: Called Strike 2-1: Ball 3-1: Ground out 5-3 (Groundball, 15, EV 87.5 MPH)
|
|
Batting: LHB Danny de Leon
|
0-0: Ball 1-0: DOUBLE (Groundball, 3L, EV 98.1 MPH)
|
|
Batting: RHB Danny Ayala
|
0-0: Ball 1-0: Ground out 6-3 (Groundball, 6, EV 86.9 MPH)
|
|
Batting: RHB Norimoto Miyanishi
|
0-0: Ball 1-0: Called Strike 1-1: Foul Ball, location: 2F 1-2: Ball 2-2: Strikes out looking
|
| Bottom of the 3rd over - 0 runs, 1 hit, 0 errors, 1 left on base; Hudson Valley 0 - Staten Island 0 |
| TOP OF THE 4TH |
|
Hudson Valley Renegades batting - Pitching for Staten Island Yankees : RHP Ben Cunningham
|
|
Batting: LHB Dan Hunt
|
0-0: Called Strike 0-1: Ball 1-1: Swinging Strike 1-2: Strikes out swinging
|
|
Batting: SHB Josif Popovski
|
0-0: SINGLE (Groundball, 56D, EV 93.8 MPH) (infield hit)
|
|
Batting: LHB Jonathan Spino
|
0-0: Called Strike Josif Popovski steals 2nd base 0-1: Ball 1-1: Foul Ball, location: 2F 1-2: Ball 2-2: Ball 3-2: Foul Ball, location: 2F 3-2: Base on Balls
|
|
Batting: LHB Rocky Crowley
|
0-0: Called Strike 0-1: Called Strike 0-2: Grounds into double play, 6-4-3 (Groundball, 6, EV 85.0 MPH)
|
| Top of the 4th over - 0 runs, 1 hit, 0 errors, 1 left on base; Hudson Valley 0 - Staten Island 0 |
| BOTTOM OF THE 4TH |
|
Staten Island Yankees batting - Pitching for Hudson Valley Renegades : RHP Chris Harman
|
|
Batting: RHB Edite Leoni
|
0-0: Ground out 6-3 (Groundball, 6, EV 83.8 MPH)
|
|
Batting: RHB Pat Pemberton
|
0-0: Called Strike 0-1: Foul Ball, location: 2F 0-2: Ball 1-2: Ball 2-2: Ball 3-2: Foul Ball, location: 2F 3-2: Base on Balls
|
|
Batting: SHB Tadaaki Kondo
|
0-0: 2-RUN HOME RUN (Flyball, 9D, EV 103.8 MPH), Distance : 380 ft
|
|
Batting: LHB Mike Schermerhorn
|
0-0: Ball 1-0: Ball 2-0: Called Strike 2-1: Foul Ball, location: 2F 2-2: Ball 3-2: Strikes out swinging
|
|
Batting: SHB Adam Slade
|
0-0: Ball 1-0: Ground out 5-3 (Groundball, 5S, EV 85.6 MPH)
|
| Bottom of the 4th over - 2 runs, 1 hit, 0 errors, 0 left on base; Hudson Valley 0 - Staten Island 2 |
| TOP OF THE 5TH |
|
Hudson Valley Renegades batting - Pitching for Staten Island Yankees : RHP Ben Cunningham
|
|
Batting: RHB Jon Gonzales
|
0-0: Called Strike 0-1: DOUBLE (Line Drive, 5D, EV 106.2 MPH)
|
|
Batting: LHB Helmut Steggall
|
0-0: Foul Ball, location: 2F 0-1: Ball 1-1: Swinging Strike 1-2: Strikes out looking
|
|
Batting: RHB Alex Koral
|
0-0: Swinging Strike 0-1: Foul Ball, location: 2F 0-2: Ball 1-2: Strikes out swinging
|
|
Batting: RHB Evan Chalarian
|
0-0: Ball 1-0: Ball Wild Pitch! Jon Gonzales to third 2-0: Reached on error, E5 (Groundball, 56S, EV 93.8 MPH) Jon Gonzales scores
|
|
Batting: RHB Jesus Carrillo
|
0-0: Ball 1-0: Ball 2-0: Ball Evan Chalarian steals 2nd, throwing error, E2 Evan Chalarian to third 3-0: Called Strike 3-1: Called Strike 3-2: Ground out 5-3 (Groundball, 5, EV 106.9 MPH)
|
| Top of the 5th over - 1 run, 1 hit, 2 errors, 1 left on base; Hudson Valley 1 - Staten Island 2 |
| BOTTOM OF THE 5TH |
|
Staten Island Yankees batting - Pitching for Hudson Valley Renegades : RHP Chris Harman
|
|
Batting: RHB Jesus Ruiz
|
0-0: Ball 1-0: Ball 2-0: Called Strike 2-1: Called Strike 2-2: Foul Ball, location: 2F 2-2: SINGLE (Groundball, 4D, EV 105.6 MPH)
|
|
Batting: LHB Danny de Leon
|
0-0: Foul Ball, location: 2F 0-1: Ball 1-1: Ball 2-1: Ground out 4-3 (Groundball, 4MD, EV 109.4 MPH) Jesus Ruiz to second
|
|
Batting: RHB Danny Ayala
|
0-0: Called Strike 0-1: Ground out 5-3 (Groundball, 56, EV 90.0 MPH)
|
|
Batting: RHB Norimoto Miyanishi
|
0-0: Foul Ball, location: 2F 0-1: Ball 1-1: Ground out 6-3 (Groundball, P, EV 80.6 MPH)
|
| Bottom of the 5th over - 0 runs, 1 hit, 0 errors, 1 left on base; Hudson Valley 1 - Staten Island 2 |
| TOP OF THE 6TH |
|
Hudson Valley Renegades batting - Pitching for Staten Island Yankees : RHP Ben Cunningham
|
|
Batting: LHB Dan Hunt
|
0-0: Called Strike 0-1: Ball 1-1: Ground out 6-3 (Groundball, 6M, EV 104.4 MPH)
|
|
Batting: SHB Josif Popovski
|
0-0: Foul Ball, location: 2F 0-1: Ground out 5-3 (Groundball, 56S, EV 68.1 MPH)
|
|
Batting: LHB Jonathan Spino
|
0-0: Ball 1-0: Swinging Strike 1-1: Ball 2-1: SINGLE (Groundball, 56D, EV 100.6 MPH)
|
|
Batting: LHB Rocky Crowley
|
0-0: Ball Jonathan Spino steals 2nd base 1-0: Foul Ball, location: 2F 1-1: Fly out, F7 (Flyball, 7LM, EV 89.4 MPH)
|
| Top of the 6th over - 0 runs, 1 hit, 0 errors, 1 left on base; Hudson Valley 1 - Staten Island 2 |
| BOTTOM OF THE 6TH |
|
Staten Island Yankees batting - Pitching for Hudson Valley Renegades : RHP Chris Harman
|
|
Batting: RHB Edite Leoni
|
0-0: Ball 1-0: Foul Ball, location: 2F 1-1: Foul Ball, location: 3F, Error on foul ball, E3 1-2: Foul Ball, location: 2F 1-2: Reached on error, E1 (Groundball, P, EV 65.0 MPH)
|
|
Batting: RHB Pat Pemberton
|
0-0: SINGLE (Groundball, 56D, EV 107.5 MPH) Edite Leoni to third
|
|
Batting: SHB Tadaaki Kondo
|
0-0: Called Strike 0-1: Ball 1-1: Foul Ball, location: 2F 1-2: SINGLE (Groundball, 34, EV 98.1 MPH) Edite Leoni scores Pat Pemberton to second Runner from 2nd tries for 3rd, SAFE, throw by RF made to third
|
|
Pitching: RHP Jesus Elizondo
|
|
|
Batting: LHB Mike Schermerhorn
|
0-0: Ground out 4-3 (Groundball, 34D, EV 103.1 MPH) Pat Pemberton scores Tadaaki Kondo to second
|
|
Batting: SHB Adam Slade
|
0-0: Swinging Strike 0-1: Foul Ball, location: 2F 0-2: Ground out 1-3 (Groundball, 13, EV 64.4 MPH) Tadaaki Kondo to third
|
|
Batting: RHB Jesus Ruiz
|
0-0: Ball 1-0: Ground out 3-1 (Groundball, 34, EV 91.9 MPH)
|
| Bottom of the 6th over - 2 runs, 2 hits, 2 errors, 1 left on base; Hudson Valley 1 - Staten Island 4 |
| TOP OF THE 7TH |
|
Hudson Valley Renegades batting - Pitching for Staten Island Yankees : RHP Ben Cunningham
|
|
Pitching: RHP Nate LaCava
|
|
|
Batting: RHB Jon Gonzales
|
0-0: Swinging Strike 0-1: Ball 1-1: Foul Ball, location: 2F 1-2: Ball 2-2: Foul Ball, location: 2F 2-2: Strikes out swinging
|
|
Batting: LHB Helmut Steggall
|
0-0: Called Strike 0-1: Foul Ball, location: 2F 0-2: SINGLE (Groundball, 4M, EV 83.1 MPH) (infield hit)
|
|
Batting: RHB Alex Koral
|
0-0: Ball 1-0: Ball 2-0: Called Strike 2-1: Fielders Choice at 2nd, 6-4 (Groundball, 6, EV 92.5 MPH)
|
|
Batting: RHB Evan Chalarian
|
0-0: Foul Ball, location: 2F 0-1: Reached on error, E5 (Groundball, 56S, EV 89.4 MPH) Alex Koral to second
|
|
Batting: RHB Jesus Carrillo
|
0-0: Ball 1-0: Called Strike 1-1: Foul Ball, location: 2F 1-2: Fly out, F3 (Popup, 3SF, EV 70.6 MPH)
|
| Top of the 7th over - 0 runs, 1 hit, 1 error, 2 left on base; Hudson Valley 1 - Staten Island 4 |
| BOTTOM OF THE 7TH |
|
Staten Island Yankees batting - Pitching for Hudson Valley Renegades : RHP Jesus Elizondo
|
|
Batting: LHB Danny de Leon
|
0-0: Fly out, F8 (Line Drive, 8RM, EV 92.5 MPH)
|
|
Batting: RHB Danny Ayala
|
0-0: Foul Ball, location: 2F 0-1: Ball 1-1: Swinging Strike 1-2: Strikes out swinging
|
|
Batting: RHB Norimoto Miyanishi
|
0-0: Called Strike 0-1: Foul Ball, location: 2F 0-2: Strikes out swinging
|
| Bottom of the 7th over - 0 runs, 0 hits, 0 errors, 0 left on base; Hudson Valley 1 - Staten Island 4 |
| TOP OF THE 8TH |
|
Hudson Valley Renegades batting - Pitching for Staten Island Yankees : RHP Nate LaCava
|
|
Batting: LHB Dan Hunt
|
0-0: Ball 1-0: Fly out, F8 (Flyball, 78D, EV 100.6 MPH)
|
|
Batting: SHB Josif Popovski
|
0-0: Ball 1-0: Ground out 5-3 (Groundball, 56, EV 106.9 MPH)
|
|
Batting: LHB Jonathan Spino
|
0-0: Foul Ball, location: 2F 0-1: Foul Ball, location: 2F 0-2: Ground out 5-3 (Groundball, 56S, EV 68.8 MPH)
|
| Top of the 8th over - 0 runs, 0 hits, 0 errors, 0 left on base; Hudson Valley 1 - Staten Island 4 |
| BOTTOM OF THE 8TH |
|
Staten Island Yankees batting - Pitching for Hudson Valley Renegades : RHP Jesus Elizondo
|
|
Batting: RHB Edite Leoni
|
0-0: Called Strike 0-1: SINGLE (Groundball, 25, EV 65.6 MPH) (infield hit)
|
|
Batting: RHB Pat Pemberton
|
0-0: Ball 1-0: Ball 2-0: Ball 3-0: Base on Balls Edite Leoni to second
|
|
Batting: SHB Tadaaki Kondo
|
0-0: Ball 1-0: Ball 2-0: Called Strike 2-1: Called Strike 2-2: Strikes out swinging
|
|
Batting: LHB Mike Schermerhorn
|
0-0: Called Strike 0-1: Fielders Choice at 2nd, 6-4 (Groundball, 56, EV 102.5 MPH) Edite Leoni to third
|
|
Batting: SHB Adam Slade
|
0-0: Called Strike 0-1: Foul Ball, location: 2F 0-2: Strikes out swinging
|
| Bottom of the 8th over - 0 runs, 1 hit, 0 errors, 2 left on base; Hudson Valley 1 - Staten Island 4 |
| TOP OF THE 9TH |
|
Hudson Valley Renegades batting - Pitching for Staten Island Yankees : RHP Nate LaCava
|
|
Pitching: LHP Loo Lei
|
|
|
Batting: LHB Rocky Crowley
|
0-0: Called Strike 0-1: Foul Ball, location: 2F 0-2: Ball 1-2: Strikes out swinging passed ball, reaches first!
|
|
Batting: RHB Jon Gonzales
|
0-0: Ball 1-0: Foul Ball, location: 2F 1-1: Ball 2-1: Foul Ball, location: 2F 2-2: SINGLE (Groundball, 4MD, EV 100.6 MPH) Rocky Crowley to second
|
|
Pinch Hitting: RHB Joe Hartigan
|
0-0: Called Strike 0-1: Fly out, F3 (Popup, 3SF, EV 69.4 MPH)
|
|
Batting: RHB Alex Koral
|
0-0: Called Strike 0-1: Ball 1-1: Ball 2-1: Foul Ball, location: 2F 2-2: Fly out, F7 (Flyball, 7LS, EV 86.9 MPH)
|
|
Batting: RHB Evan Chalarian
|
0-0: Ball 1-0: Ball 2-0: Called Strike 2-1: Fly out, F8 (Flyball, 8LS, EV 86.9 MPH)
|
| Top of the 9th over - 0 runs, 1 hit, 0 errors, 2 left on base; Hudson Valley 1 - Staten Island 4 |
|